 Dungeon Crawl Stone Soup version 0.22.0-78-g6c94d2c (webtiles) character file.

3109 Ghost6211 the Blocker (level 9, -3/81 HPs)
             Began as a Minotaur Fighter on Sept 17, 2018.
             Was a Believer of Qazlal.
             Splashed by an orc's acid (14 damage)
             ... on level 7 of the Dungeon.
             The game lasted 00:15:45 (5281 turns).

Ghost6211 the Blocker (Minotaur Fighter)            Turns: 5281, Time: 00:15:48

Health: -3/81      AC: 14    Str: 25    XL:     9   Next: 60%
Magic:  9/9        EV:  9    Int:  5    God:    Qazlal [**....]
Gold:   129        SH: 15    Dex:  9    Spells: 8/8 levels left

rFire    . . .     SeeInvis .   i - +1 hand axe (flame)
rCold    . . .     Gourm    .   c - +0 shield
rNeg     . . .     Faith    .   w - +1 ring mail {MR+}
rPois    .         Spirit   .   (helmet restricted)
rElec    .         Reflect  .   v - scarf {repulsion}
rCorr    .         Harm     .   (no gloves)
MR       +....                  o - +2 pair of boots
Stlth    ..........             (no amulet)
HPRegen  0.23/turn              l - +3 ring of protection
MPRegen  0.11/turn              s - ring of wizardry

@: lethally poisoned (-3 -> -9), repel missiles
A: retaliatory headbutt, horns 2
a: Upheaval, Renounce Religion


You were on level 7 of the Dungeon.
You worshipped Qazlal.
Qazlal was pleased with you.
You were hungry.

You visited 1 branch of the dungeon, and saw 7 of its levels.
You also visited: Sewer.

You collected 385 gold pieces.
You spent 256 gold pieces at shops.

Inventory:

Hand Weapons
 i - a +1 hand axe of flaming (weapon)
Missiles
 j - 205 stones (quivered)
Armour
 c - a +0 shield (worn)
 d - +0 pearl dragon scales
 o - a +2 pair of boots (worn)
 v - a scarf of repulsion (worn)
 w - a +1 ring mail of magic resistance (worn)
Jewellery
 l - a +3 ring of protection (left hand)
 s - a ring of wizardry (right hand)
 x - an uncursed ring of poison resistance {unknown}
Wands
 b - a wand of paralysis (8)
 k - a wand of iceblast (8)
Scrolls
 h - 5 scrolls of magic mapping {unknown}
 m - 2 scrolls of blinking {unknown}
 p - 2 scrolls of teleportation {unknown}
 q - 6 scrolls of identify
 r - a scroll of immolation {unknown}
 t - a scroll of amnesia {unknown}
 y - 3 scrolls of remove curse
 z - a scroll of random uselessness {unknown}
Potions
 a - 2 potions of agility {unknown}
 e - 3 potions of flight {unknown}
 g - 6 potions of curing
 n - a potion of berserk rage {unknown}
 u - a potion of might
Comestibles
 f - 5 rations


   Skills:
 + Level 8.0 Fighting
 + Level 7.5 Axes
 + Level 8.0 Armour
 * Level 10.7 Shields
 + Level 1.8 Invocations


You had 8 spell levels left.
You didn't know any spells.
Your spell library contained the following spells:

 Spells                   Type           Power        Failure   Level  Hunger
 Beastly Appendage        Tmut           #.....       45%         1    ##.....
 Sticks to Snakes         Tmut           #.......     58%         2    ###....
 Spider Form              Tmut/Pois      #.........   82%         3    ####...
 Ice Form                 Ice/Tmut       #.......     99%         4    #####..
 Blade Hands              Tmut           #.........   100%        5    ######.


Dungeon Overview and Level Annotations

Branches:
Dungeon (7/15)             Temple (0/1) D:6

Altars:
Cheibriados
Hepliaklqana
Okawaru
Qazlal
Ru
Trog

Shops:
D:4 [   D:6 (

Annotations:
D:7 3 runed doors, lifenoodles's ghost, novice MfIE


Innate Abilities, Weirdness & Mutations

You reflexively headbutt those who attack you in melee.
You have a pair of horns on your head.


Message History

You hit the killer bee. You burn the killer bee.
You kill the killer bee!
Qazlal accepts your kill.
Your Armour skill increases to level 8!
You feel sick.
The orc zaps a wand.
The bolt of acid misses the orc.
The bolt of acid misses you.
It is a wand of acid (7).
You feel sick. You block the orc's attack.
Items here: ( ? †† 17 stones; a scroll of remove curse; a killer bee corpse; a kobold corpse You hit the orc.
You burn the orc. You headbutt the orc.
The orc is heavily wounded.
The orc hits you with a whip.
* * * LOW HITPOINT WARNING * * *
You barely miss the orc. Your headbutt misses the orc.
The orc is heavily wounded.
You feel sick. The orc hits you but does no damage.
The orc zaps a wand.
The bolt of acid misses the orc.
The bolt of acid hits you!
* * * LOW HITPOINT WARNING * * *
You are splashed with acid!
The acid burns!
You die...

# .. ### ...
..# #... #.###
#.... #...
#..o###.#
#.oo@(.#
.....o###(#
#...#.###.####
##...........#
.#########.#
#.......#.#
#...)$W.#.#
.#.##.##W#.#
.#. #. #h#.#
####


You could see 4 orcs.

Vanquished Creatures
  Grinder (D:4)
  Sigmund (D:4)
  An orc warrior (D:6)
  2 sky beasts
  2 ice beasts
  3 eyes of draining (D:4)
  3 ogres
  A centaur (D:5)
  A big kobold (Sewer)
  2 bullfrogs (D:6)
  A scorpion (D:6)
  11 killer bees
  A howler monkey (D:5)
  3 crimson imps
  7 hounds
  A gnoll shaman (D:6)
  2 orc wizards (D:6)
  A bullfrog skeleton (D:5)
  Terence (D:2)
  An iguana (D:6)
  2 worker ants
  A worker ant zombie (D:5)
  13 adders
  12 gnolls
  2 river rats
  3 shadow imps
  3 oozes
  2 worms
  4 leopard geckos
  8 orcs
  4 ball pythons
  5 giant cockroaches
  9 goblins
  9 hobgoblins
  10 jackals
  2 quokkas (D:3)
  6 frilled lizards
  12 kobolds
  2 leopard gecko zombies
  24 rats
179 creatures vanquished.

Notes
Turn   | Place    | Note
-------+----------+-------------------------------------------
     0 | D:1      | Ghost6211 the Minotaur Fighter began the quest for the Orb.
     0 | D:1      | Reached XP level 1. HP: 19/19 MP: 0/0
   149 | D:1      | Reached XP level 2. HP: 27/27 MP: 1/1
   190 | D:1      | Reached skill level 4 in Shields
   678 | D:2      | Reached XP level 3. HP: 24/33 MP: 2/2
   703 | D:2      | Noticed Terence
   710 | D:2      | Killed Terence
   780 | D:2      | Reached XP level 4. HP: 40/40 MP: 3/3
   967 | D:2      | Found a faded altar of an unknown god.
  1178 | D:2      | Found a sacrificial altar of Ru.
  1333 | D:3      | Found a hazy altar of Hepliaklqana.
  1399 | D:3      | Reached skill level 5 in Shields
  1553 | D:3      | Noticed an ice beast
  1571 | D:3      | Killed an ice beast
  1571 | D:3      | Reached XP level 5. HP: 35/47 MP: 4/4
  2083 | D:4      | Noticed an ogre
  2088 | D:4      | Killed an ogre
  2088 | D:4      | Reached skill level 5 in Fighting
  2088 | D:4      | Reached skill level 5 in Armour
  2088 | D:4      | Reached skill level 6 in Shields
  2088 | D:4      | Reached XP level 6. HP: 56/56 MP: 5/5
  2111 | D:4      | Found a stormy altar of Qazlal.
  2139 | D:4      | Became a worshipper of Qazlal Stormbringer
  2253 | D:4      | Noticed Grinder
  2269 | D:4      | Paralysed by Grinder for 5 turns
  2273 | D:4      | HP: 2/56 [Grinder (3)]
  2292 | D:4      | Killed Grinder
  2292 | D:4      | Reached XP level 7. HP: 11/61 MP: 6/6
  2677 | D:4      | Noticed Sigmund
  2680 | D:4      | Reached skill level 7 in Shields
  2689 | D:4      | Reached skill level 5 in Axes
  2704 | D:4      | Killed Sigmund
  2714 | D:4      | Reached skill level 8 in Shields
  2714 | D:4      | Reached XP level 8. HP: 13/70 MP: 7/7
  3064 | D:4      | Found a bloodstained altar of Trog.
  3245 | D:4      | Found Eteles's Antique Armour Shop.
  3253 | D:4      | Bought a glowing scarf for 256 gold pieces
  3414 | D:5      | Entered Level 5 of the Dungeon
  3425 | D:5      | Found a snail-covered altar of Cheibriados.
  3589 | D:5      | Reached skill level 9 in Shields
  3809 | D:5      | Found an iron altar of Okawaru.
  3915 | D:5      | Reached * piety under Qazlal
  4159 | D:6      | Reached XP level 9. HP: 45/79 MP: 8/8
  4305 | D:6      | Found a glowing drain.
  4336 | D:6      | Reached skill level 10 in Shields
  4388 | Sewer    | Entered a sewer
  4448 | Sewer    | Reached ** piety under Qazlal
  4483 | Sewer    | Found a glowing silver altar of Zin.
  4732 | D:6      | Found Plog's Antique Weapon Emporium.
  4809 | D:6      | Found a staircase to the Ecumenical Temple.
  4821 | D:6      | Reached skill level 1 in Invocations
  5224 | D:7      | Found a runed gate.
  5227 | D:7      | Found a runed gate.
  5227 | D:7      | Noticed lifenoodles's ghost (novice MfIE)
  5228 | D:7      | Found a runed gate.
  5233 | D:7      | Noticed a stone giant
  5281 | D:7      | Splashed by an orc's acid

Skill      XL: |  1  2  3  4  5  6  7  8  9 |
---------------+----------------------------+-----
Shields        | 4 5 6 8 9 10 | 10.7
Fighting       | 4 5 6 7 8 |  8.0
Armour         | 4 5 6 7 8 |  8.0
Axes           | 3 4 5 6 7 |  7.5
Invocations    | 1 |  1.8

Action                   |  1- 3 |  4- 6 |  7- 9 || total
-------------------------+-------+-------+-------++-------
Melee: War axe           |    54 |       |       ||    54
       Headbutt          |    12 |    20 |    49 ||    81
       Hand axe          |    26 |   109 |   331 ||   466
  Use: Scroll            |     1 |     3 |     3 ||     7
       Potion            |     1 |     3 |       ||     4
  Eat: Ration            |       |     2 |       ||     2
       Chunk             |       |     1 |     6 ||     7
Armor: Scale mail        |    47 |    40 |       ||    87
       Pearl dragon scal |       |       |    58 ||    58
       Ring mail         |       |       |    56 ||    56
Dodge: Dodged            |    24 |    29 |    93 ||   146
       Deflected         |       |       |    11 ||    11
Block: Shield            |    39 |    61 |   210 ||   310
